 Dungeon Crawl Stone Soup version 0.17-a0-2215-g49c1de0 (webtiles) character file.

4653 radek the Anointer (level 10, -2/50 HPs)
             Began as a Deep Elf Conjurer on Oct 27, 2015.
             Was an Elder of Vehumet.
             Slain by a troll (5 damage)
             ... on level 8 of the Dungeon.
             The game lasted 00:58:54 (11809 turns).

radek the Anointer (Deep Elf Conjurer)             Turns: 11809, Time: 00:58:55

Health: -2/50      AC:  3    Str:  6    XL:     10   Next: 20%
Magic:  12/19      EV: 13    Int: 25    God:    Vehumet [****..]
Gold:   413        SH:  0    Dex: 15    Spells: 3 memorised, 3 levels left

rFire  . . .     SeeInvis .     D - +1 dagger (speed)
rCold  . . .     Clarity  .     (no armour)
rNeg   . . .     SustAt   .     (no shield)
rPois  .         Gourm    .     x - +0 helmet
rElec  .         Spirit   .     m - +1 cloak
rCorr  .         Warding  .     (no gloves)
rMut   .         Stasis   .     (no boots)
MR     +....                    p - amulet of rage
Stlth  ++........               (no ring)
                                u - +2 ring of intelligence

@: somewhat resistant to hostile enchantments, unstealthy
A: no striking features
a: Renounce Religion, Evoke Berserk Rage


You were on level 8 of the Dungeon.
You worshipped Vehumet.
Vehumet was greatly pleased with you.
You were not hungry.

You visited 2 branches of the dungeon, and saw 10 of its levels.

You collected 413 gold pieces.

Inventory:

Hand Weapons
 g - a +0 short sword
 D - a +1 dagger of speed (weapon)
 I - a +2 scimitar of freezing
 J - a +1 dagger of freezing
Armour
 a - a +0 robe
 m - a +1 cloak (worn)
 o - a +0 chain mail of cold resistance
 x - a +0 helmet (worn)
 L - a +0 pair of boots
Magical Staves
 h - an uncursed staff of cold
 y - an uncursed staff of fire
Jewellery
 p - an amulet of rage (around neck)
 u - a +2 ring of intelligence (left hand)
 E - a -3 ring of strength
 M - an uncursed ring of ice {unknown}
Wands
 t - a wand of polymorph (24)
 z - a wand of random effects (18)
 G - a wand of fireball (4)
Scrolls
 d - 2 scrolls of random uselessness
 e - 13 scrolls of identify
 k - 2 scrolls of magic mapping
 n - 3 scrolls of teleportation
 s - 2 scrolls of remove curse
 B - 2 scrolls of fear
Potions
 f - a potion of flight
 q - a potion of might
 r - a potion of brilliance {unknown}
 v - a potion of cure mutation {unknown}
 w - a potion of haste {unknown}
 A - a potion of mutation {unknown}
 C - a potion of lignification
 H - a potion of poison {unknown}
 N - a potion of heal wounds {unknown}
Books
 b - a book of Conjurations

   Spells                             Type                      Level
   a - Magic Dart                     Conjuration                  1
   b - Searing Ray                    Conjuration                  2
   c - Dazzling Spray                 Conjuration/Hexes            3
   d - Fulminant Prism                Conjuration/Hexes            4
   e - Iskenderun's Mystic Blast      Conjuration                  4
   f - Iskenderun's Battlesphere      Conjuration/Charms           5
 i - a Necronomicon

   Spells                             Type                      Level
   a - Haunt                          Necromancy/Summoning         7
   b - Borgnjor's Revivification      Necromancy                   8
   c - Death's Door                   Charms/Necromancy            8
   d - Necromutation                  Transmutation/Necromancy     8
 K - a book of Annihilations

   Spells                             Type                      Level
   a - Poison Arrow                   Conjuration/Poison           6
   b - Chain Lightning                Conjuration/Air              8
   c - Lehudib's Crystal Spear        Conjuration/Earth            8
   d - Glaciate                       Conjuration/Ice              9
   e - Fire Storm                     Conjuration/Fire             9
Comestibles
 c - 4 bread rations
 j - 5 meat rations
 l - 10 royal jellies
 F - 3 fruits
 O - 2 chunks of flesh


   Skills:
 - Level 2.4 Dodging
 - Level 2.4 Stealth
 - Level 4.7 Spellcasting
 - Level 8.0 Conjurations
 - Level 16.8 Charms
 * Level 3.0 Fire Magic
 - Level 2.3 Evocations


You had 3 spell levels left.
You knew the following spells:

 Your Spells              Type           Power        Failure   Level  Hunger
a - Magic Dart            Conj           ####         1%          1    None
b - Iskenderun's Battles  Conj/Chrm      ######..     1%          5    #####..
c - Fire Storm            Conj/Fire      ####......   100%        9    #######


Dungeon Overview and Level Annotations

Branches:
Dungeon (9/15)             Temple (1/1) D:4
   Lair: D:8-11         Orc: D:9-12

Altars:
Ashenzari
Cheibriados
Fedhas
Gozag
Kikubaaqudgha
Makhleb
Nemelex Xobeh
Okawaru
Qazlal
Sif Muna
Trog
Vehumet
Yredelemnul
Zin
The Shining One


Message History

Aim: a troll (moderately wounded)
The magic dart hits the troll.
The troll is moderately wounded.
Your battlesphere fires!
The barrage of energy hits the troll.
The troll is heavily wounded.
The yak completely misses you. The troll bites you!
* * * LOW HITPOINT WARNING * * *
The troll claws you!
* * * LOW HITPOINT WARNING * * *
The troll barely misses you.
Read which item? (? for menu, Esc to quit)
Okay, then.
Casting: Magic Dart
Confirm with . or Enter, or press ? or * to list all spells.
Okay, then.
The troll bites you.
* * * LOW HITPOINT WARNING * * *
The troll misses you. The troll claws you.
You die...

#.### ##.# ##
##)## ## #.#
#.####8##.).##8##
#.#
#).##...##)##...##
#.#
#..#_.#.......#._#
#.#
##.##...##.##...##
..#
#..##8#######8##
### ##.####...# ##
#TY#.##.##
##@#<...# #*#.####
#.#....# #.####.#
#......# ########


You could see a yak and a troll.

Vanquished Creatures
  A wolf (D:8)
  A hungry ghost (D:8)
  A water moccasin (D:8)
  2 orc warriors
  A necrophage (D:7)
  3 ogres
  3 phantoms
  7 centaurs
  A crocodile (D:8)
  A big kobold (D:8)
  5 giant frogs
  A water moccasin skeleton (D:5)
  7 scorpions
  3 killer bees (D:8)
  The ghost of emiel the Chopper, a weakling FoBe of Trog (D:5)
  3 wights (D:7)
  A giant frog zombie (D:5)
  5 crimson imps
  A quasit (D:8)
  A gnoll shaman (D:7)
  7 orc priests
  9 hounds
  An iron imp (D:6)
  7 jellies
  8 orc wizards
  6 iguanas (D:8)
  3 worker ants
  A killer bee zombie (D:7)
  A hound zombie (D:5)
  7 gnolls
  4 adders
  A worker ant zombie (D:5)
  4 shadow imps
  6 oozes
  3 adder skeletons
  An adder zombie (D:7)
  4 worms
  7 giant geckos
  24 orcs
  8 bats
  6 hobgoblins
  8 jackals
  5 quokkas
  2 ball pythons
  6 giant cockroaches
  A giant gecko skeleton (D:4)
  2 giant gecko zombies (D:5)
  12 giant newts
  5 goblins
  14 kobolds
  6 rats
228 creatures vanquished.

Vanquished Creatures (others)
  4 plants (D:8)
4 creatures vanquished.

Grand Total: 232 creatures vanquished

Notes
Turn   | Place    | Note
--------------------------------------------------------------
     0 | D:1      | radek the Deep Elf Conjurer began the quest for the Orb.
     0 | D:1      | Reached XP level 1. HP: 10/10 MP: 6/6
   216 | D:1      | Reached XP level 2. HP: 15/15 MP: 5/8
   320 | D:1      | Reached skill level 5 in Conjurations
  1084 | D:2      | Reached XP level 3. HP: 19/19 MP: 0/9
  1461 | D:2      | Found a shattered altar of Ashenzari.
  2018 | D:3      | Reached skill level 6 in Conjurations
  2264 | D:3      | Reached XP level 4. HP: 24/24 MP: 8/10
  3749 | D:4      | Found a staircase to the Ecumenical Temple.
  3758 | Temple   | Entered the Ecumenical Temple
  3816 | Temple   | Became a worshipper of Vehumet
  3944 | D:4      | Reached skill level 7 in Conjurations
  3944 | D:4      | Reached XP level 5. HP: 26/28 MP: 4/11
  4101 | D:4      | Learned a level 5 spell: Iskenderun's Battlesphere
  4262 | D:4      | Reached skill level 1 in Charms
  4330 | D:5      | Entered Level 5 of the Dungeon
  4352 | D:5      | Found a burning altar of Makhleb.
  4834 | D:5      | Reached XP level 6. HP: 32/32 MP: 0/12
  4876 | D:5      | Reached skill level 5 in Charms
  5057 | D:5      | Noticed emiel's ghost (weakling FoBe)
  5062 | D:5      | Killed emiel's ghost
  5288 | D:5      | Noticed an ogre
  5291 | D:5      | Killed an ogre
  5295 | D:5      | Noticed a phantom
  5309 | D:5      | Killed a phantom
  5309 | D:5      | Reached XP level 7. HP: 29/36 MP: 0/13
  5503 | D:5      | Reached skill level 8 in Charms
  6094 | D:5      | Noticed a centaur
  6097 | D:5      | Killed a centaur
  6097 | D:5      | Reached * piety under Vehumet
  6097 | D:5      | Offered knowledge of Freeze by Vehumet.
  6097 | D:5      | Reached skill level 9 in Charms
  6274 | D:5      | Noticed an ogre
  6285 | D:5      | Killed an ogre
  6285 | D:5      | Reached skill level 10 in Charms
  6536 | D:6      | Reached XP level 8. HP: 33/41 MP: 5/14
  6618 | D:6      | Reached skill level 11 in Charms
  6772 | D:6      | Found a snail-covered altar of Cheibriados.
  6851 | D:6      | Reached skill level 12 in Charms
  7064 | D:6      | Found a glowing silver altar of Zin.
  7855 | D:7      | Reached skill level 13 in Charms
  8045 | D:7      | Offered knowledge of Sandblast by Vehumet.
  8142 | D:7      | Reached ** piety under Vehumet
  8311 | D:7      | Reached skill level 14 in Charms
  8553 | D:7      | Reached XP level 9. HP: 45/45 MP: 7/15
  9235 | D:7      | Reached skill level 15 in Charms
  9609 | D:8      | Identified a scroll of acquirement
  9635 | D:8      | Offered knowledge of Throw Frost by Vehumet.
  9965 | D:8      | Reached skill level 16 in Charms
 10434 | D:8      | Reached *** piety under Vehumet
 10438 | D:8      | Reached skill level 1 in Evocations
 10445 | D:8      | Found a glowing silver altar of Zin.
 10445 | D:8      | Found a blossoming altar of Fedhas.
 10904 | D:8      | Offered knowledge of Ignite Poison by Vehumet.
 11024 | D:8      | Reached XP level 10. HP: 50/50 MP: 12/18
 11561 | D:8      | Found a deep blue altar of Sif Muna.
 11563 | D:8      | Found an ancient bone altar of Kikubaaqudgha.
 11563 | D:8      | Found an iron altar of Okawaru.
 11595 | D:8      | Learned a level 9 spell: Fire Storm
 11618 | D:9      | Reached skill level 1 in Fire Magic
 11725 | D:8      | Reached **** piety under Vehumet
 11809 | D:8      | Slain by a troll

Vault maps used:
D:1:      dpeg_arrival_round_c
D:2:      serial_forest, infiniplex_forest_corner_1, infiniplex_forest_lined_2,
          infiniplex_forest_straight_1, infiniplex_forest_zigzag_1,
          infiniplex_forest_lined_2, nicolae_ashenzari_panopticon
D:3:      serial_corexii_hall, corexii_hall_statues_t, corexii_hall_statues_l
D:4:      minmay_temple_entry_poolview, first_bread
D:5:      lemuel_upstairs_altar, serial_undead, serial_undead_d,
          serial_undead_c, serial_undead_a, serial_undead_b, serial_undead_b,
          makhleb_blood_cavern_becter
D:6:      slow_altar_1, basic_altar
D:8:      grunt_temple_overflow_diamond, amethyst_overflow_temple_binary,
          hangedman_little_slice_of_home, small_statue_intersection,
          minmay_lizard_king
D:9:      kennysheep_mini_moat, old_standard_altar,
          nicolae_overflow_hidden_temple, erik_lair_island,
          serial_co_window_serial, co_window_cross_1, co_window_corner_a,
          co_window_of_opportunity_a, co_window_of_opportunity_a,
          co_window_corner_a, co_window_corner_ca, co_window_corner_b,
          co_window_broadway_b, co_window_unsneaky_path_d,
          co_window_of_opportunity_c, co_window_cross_2, glass_columns_a,
          glass_columns_a
Temple:   roderic_octagonal_lattice_temple

Action                   |  1- 3 |  4- 6 |  7- 9 | 10-12 || total
-------------------------+-------+-------+-------+-------++-------
Melee: Staff             |       |     3 |    29 |       ||    32
 Cast: Magic Dart        |   101 |   142 |   286 |    44 ||   573
       Iskenderun's Batt |       |     4 |    39 |    10 ||    53
  Use: Scroll            |       |     8 |     6 |       ||    14
       Potion            |       |       |     3 |       ||     3
  Eat: Chunk             |     2 |     6 |    15 |     5 ||    28
       Beef jerky        |     1 |       |     1 |       ||     2
       Meat ration       |       |     1 |     2 |       ||     3
       Pizza             |       |       |     2 |       ||     2
